AoeStats
← Black Mamba

Arabia

510805484Analyzed
1v1 RM · 1d ago on Oct 2, 2026· 201m 22s· 2 players
Game mode
Random Map
Map size
Tiny (2 player)
Population
200
Speed
Normal
Resources
Standard
Victory
Conquest
Starting age
Dark Age
Ending age
Imperial Age
RankedLock teamsTeams togetherTeam positionsShared explorationLock speedFull tech treeHidden civsTurbo modeCheats
Victory
Defeat
🇹🇼 Tatars · Taiwan
1335
+17
🇵🇱 Turks · Poland
1360
-17
3000elo player
7:49 Loom
10:26 Feudal Age
10:39 Man-at-Arms
13:04 Double-Bit Axe
16:16 Fletching
17:22 Padded Archer Armor
24:13 Castle Age
22:51 Scale Barding Armor
22:47 Horse Collar
23:14 Gold Mining
23:55 Bloodlines
24:56 Wheelbarrow
24:52 Bodkin Arrow
24:34 Elite Skirmisher
26:05 Bow Saw
26:46 Gold Shaft Mining
29:45 Heavy Plow
30:13 Chain Barding Armor
30:12 Hand Cart
30:13 Husbandry
35:19 Forging
35:37 Stone Mining
37:10 Iron Casting
41:18 Imperial Age
39:55 Leather Archer Armor
40:25 Silk Armor
40:12 Light Cavalry
42:43 Plate Barding Armor
44:17 Ring Archer Armor
46:11 Hussar
50:12 Blast Furnace
49:16 Bracer
51:15 Crop Rotation
52:17 Conscription
52:08 Timurid Siegecraft
52:56 Ballistics
53:36 Chemistry
53:51 Siege Engineers
57:49 Fortified Wall
57:50 Masonry
57:36 Murder Holes
58:39 Town Watch
59:59 Guilds
61:50 Blast Furnace
60:51 Scale Mail Armor
63:36 Town Patrol
66:02 Treadmill Crane
66:47 Bombard Tower
71:12 Onager
76:12 Herbal Medicine
76:18 Devotion
85:20 Heavy Cavalry Archer
103:18 Capped Ram
159:53 Siege Ram
183:19 Spies/Treason
190:24 Atonement
Black Mamba
7:38 Loom
9:43 Feudal Age
10:51 Double-Bit Axe
16:06 Fletching
18:14 Padded Archer Armor
21:16 Scale Barding Armor
24:49 Castle Age
23:10 Gold Mining
23:35 Bloodlines
23:28 Horse Collar
24:56 Forging
24:53 Crossbowman
25:31 Bodkin Arrow
26:00 Bow Saw
27:31 Husbandry
28:58 Chain Barding Armor
30:29 Ballistics
31:50 Wheelbarrow
34:10 Gold Shaft Mining
36:12 Hand Cart
36:32 Heavy Plow
38:59 Town Watch
41:21 Thumb Ring
49:48 Imperial Age
52:09 Bracer
57:09 Plate Barding Armor
59:15 Iron Casting
65:05 Parthian Tactics
67:26 Blast Furnace
69:47 Two-Man Saw
69:48 Town Patrol
70:04 Guilds
71:15 Sipahi
70:57 Heavy Cavalry Archer
75:13 Town Patrol
75:15 Guard Tower
76:39 Hoardings
78:35 Keep
78:55 Leather Archer Armor
80:20 Ring Archer Armor
82:56 Murder Holes
89:15 Fortified Wall
93:13 Treadmill Crane
93:44 Masonry
105:45 Artillery
131:16 Heavy Camel Rider
Connection lost

Rejoining the realm…

Still unreachable

The connection could not be restored.

Session expired

The server has moved on; the page needs a fresh start.